Map: Jagannatha LE

Players

Nice - Winner!

  • Race: Protoss Protoss
  • League: Grandmaster

Rex

  • Race: Zerg Zerg
  • League: Grandmaster

Event: DreamHack SC2 Masters 2021 Summer

VOD

Have the link to the VOD?

Description

Time

  • Played on: May 21, 2021, 7:53 a.m.
  • Length: 18:02

All games in this series

Show
View Real Time Build Order
Export as new Build Order

Nice Protoss - Winner!

Build Orders: 1 Gate Expand, Oracle Opening, Carriers 

Get SALT Encoding   

  12  0:00  Probe  
  13  0:12  Probe  
  14  0:20  Pylon  
  14  0:25  Probe  
  15  0:38  Probe (Chrono Boost)  
  15  0:42  Gateway  
  17  0:50  Probe (Chrono Boost)  
  17  0:51  Assimilator  
  17  0:55  Probe (Chrono Boost)  
  18  1:04  Probe  
  19  1:16  Probe  
  20  1:27  Nexus  
  20  1:37  Cybernetics Core  
  20  1:45  Assimilator  
  20  1:46  Probe  
  21  1:53  Pylon  
  21  1:58  Probe  
  22  2:10  Probe  
  22  2:12  Adept (Chrono Boost)  
  26  2:22  Probe  
  26  2:26  Stargate  
  26  2:32  Adept (Chrono Boost)  
  26  2:36  Probe (Chrono Boost)  
  29  2:39  Probe (Chrono Boost)  
  29  2:44  Warp Gate  
  30  2:51  Probe (Chrono Boost)  
  32  2:52  Probe (Chrono Boost)  
  32  2:54  Adept  
  32  2:56  Probe (Chrono Boost)  
  35  2:59  Probe  
  36  3:06  Probe  
  36  3:08  Oracle (Chrono Boost)  
  36  3:11  Probe  
  41  3:18  Probe  
  42  3:20  Gateway  
  42  3:23  Probe  
  43  3:30  Probe, Void Ray (Chrono Boost)  
  46  3:50  Probe x2  
  46  3:51  Pylon  
  46  3:52  Assimilator  
  46  3:55  Assimilator  
  46  4:02  Shield Battery  
  46  4:06  Void Ray  
  46  4:09  Probe x2  
  50  4:16  Pylon  
  54  4:25  Probe x2  
  54  4:29  Stargate  
  54  4:37  Probe x2  
  56  4:40  Adept  
  56  4:45  Nexus  
  58  4:46  Pylon  
  58  4:49  Probe (Chrono Boost)  
  58  4:50  Probe (Chrono Boost), Pylon  
  60  4:58  Void Ray  
  60  5:02  Pylon  
  60  5:05  Pylon  
  66  5:07  Probe (Chrono Boost)  
  66  5:09  Probe (Chrono Boost)  
  66  5:10  Forge  
  66  5:12  Shield Battery  
  66  5:13  Void Ray  
  67  5:14  Probe (Chrono Boost)  
  67  5:21  Probe  
  72  5:26  Probe  
  73  5:29  Stargate  
  73  5:33  Probe  
  73  5:34  Shield Battery  
  74  5:39  Void Ray  
  74  5:40  Adept x2  
  78  5:49  Shield Battery  
  82  5:54  Probe x2  
  84  5:58  Probe (Chrono Boost)  
  85  6:04  Void Ray  
  85  6:05  Photon Cannon  
  85  6:10  Probe (Chrono Boost)  
  85  6:11  Probe x2 (Chrono Boost)  
  92  6:17  Probe (Chrono Boost), Void Ray  
  92  6:18  Robotics Facility  
  95  6:20  Probe x2 (Chrono Boost), Pylon  
  99  6:29  Assimilator  
  99  6:30  Assimilator  
  99  6:39  Pylon  
  102  6:40  Probe x3  
  105  6:50  Twilight Council  
  105  6:52  Probe, Gateway x2  
  105  6:53  Gateway  
  102  6:54  Sentry  
  102  6:55  Sentry  
  102  6:57  Gateway  
  102  7:00  Pylon  
  106  7:02  Probe x2  
  106  7:04  Probe  
  106  7:05  Shield Battery  
  109  7:09  Robotics Bay  
  109  7:10  Observer (Chrono Boost)  
  109  7:15  Probe x2  
  112  7:18  Protoss Ground Weapons Level 1 (Chrono Boost)  
  112  7:23  Observer (Chrono Boost)  
  112  7:25  Charge (Chrono Boost)  
  110  7:32  Templar Archives  
  110  7:33  Gateway  
  110  7:35  Gateway  
  110  7:36  Pylon  
  110  7:44  Photon Cannon  
  110  7:45  Shield Battery  
  110  7:48  Photon Cannon  
  110  7:50  Pylon  
  110  7:51  Sentry x2  
  110  7:52  Zealot x4  
  110  7:57  Disruptor (Chrono Boost)  
  122  8:00  Void Ray  
  125  8:12  Zealot x4  
  131  8:14  Zealot  
  131  8:15  Zealot  
  139  8:23  Disruptor (Chrono Boost)  
  139  8:25  Shield Battery  
  139  8:26  Pylon  
  136  8:31  Void Ray (Chrono Boost)  
  132  8:35  Zealot x5  
  123  8:50  Disruptor (Chrono Boost)  
  118  8:57  Zealot x5  
  118  9:02  Void Ray (Chrono Boost)  
  109  9:12  Void Ray (Chrono Boost)  
  117  9:17  Zealot x3  
  117  9:18  Zealot x2  
  124  9:32  Void Ray  
  111  9:40  Zealot x5  
  118  9:45  Disruptor (Chrono Boost)  
  118  9:50  Void Ray  
  125  9:56  Assimilator  
  125  10:03  Void Ray  
  119  10:09  Zealot x2  
  119  10:12  Probe  
  124  10:17  Observer (Chrono Boost)  
  125  10:27  Fleet Beacon  
  125  10:29  Pylon  
  125  10:30  Pylon  
  125  10:31  Pylon  
  125  10:43  Disruptor (Chrono Boost), Pylon  
  125  10:44  Pylon  
  125  10:45  Nexus  
  125  10:48  Protoss Ground Weapons Level 2 (Chrono Boost)  
  128  10:50  Probe x3, Gateway  
  131  11:02  Probe x2, Shield Battery  
  131  11:03  Probe  
  134  11:04  High Templar x2  
  134  11:08  Protoss Air Weapons Level 1  
  134  11:10  Flux Vanes  
  134  11:11  Archon  
  138  11:12  Zealot  
  138  11:13  Zealot  
  138  11:15  Probe  
  138  11:16  Probe  
  142  11:18  Probe  
  147  11:27  Carrier (Chrono Boost)  
  147  11:28  Probe  
  147  11:29  Zealot  
  147  11:32  Photon Cannon  
  156  11:40  Probe  
  156  11:41  Probe  
  156  11:43  Carrier (Chrono Boost), Zealot  
  164  11:57  Psionic Storm  
  164  11:58  Carrier (Chrono Boost)  
  164  11:59  Probe x4  
  168  12:05  Assimilator  
  168  12:07  Pylon, Assimilator  
  167  12:08  Pylon  
  167  12:16  High Templar  
  167  12:17  High Templar  
  171  12:27  High Templar  
  173  12:35  Photon Cannon  
  173  12:36  High Templar, Shield Battery  
  173  12:37  Pylon  
  175  12:44  Nexus  
  175  12:46  Pylon  
  175  12:48  Pylon  
  181  12:52  Carrier (Chrono Boost)  
  177  13:02  Carrier (Chrono Boost)  
  183  13:07  Zealot  
  183  13:09  Zealot  
  187  13:16  Photon Cannon, Shield Battery  
  187  13:18  Carrier (Chrono Boost)  
  193  13:26  Assimilator  
  193  13:27  Protoss Ground Weapons Level 3 (Chrono Boost)  
  193  13:30  Assimilator  
  189  13:35  Protoss Air Weapons Level 2  
  189  13:38  High Templar x2  
  189  13:39  Photon Cannon, Zealot x2  
  189  13:40  Shield Battery, Zealot  
  199  13:43  Archon  
  197  14:08  Probe (Chrono Boost)  
  194  14:21  Mothership (Chrono Boost)  
  186  14:31  Observer (Chrono Boost)  
  186  14:34  Blink (Chrono Boost)  
  187  14:38  Gateway  
  187  14:40  Gateway  
  187  14:41  High Templar x3  
  187  14:42  High Templar  
  187  14:43  Gateway x2  
  195  14:46  Archon, Forge  
  195  14:47  Archon  
  195  14:48  Gateway, High Templar  
  195  14:49  High Templar  
  195  14:50  Observer, Gateway  
  195  14:51  Gravitic Boosters (Chrono Boost)  
  200  15:02  Photon Cannon  
  200  15:03  Photon Cannon  
  200  15:05  Photon Cannon, Shield Battery  
  200  15:06  Photon Cannon  
  200  15:08  Photon Cannon  
  200  15:09  Photon Cannon  
  200  15:37  Gravitic Drive (Chrono Boost)  
  200  15:38  Protoss Shields Level 1 (Chrono Boost)  
  200  15:59  Cybernetics Core  
  200  16:01  Assimilator  
  200  16:06  Assimilator  
  200  16:16  Pylon  
  200  16:18  Pylon  
  200  16:19  Pylon  
  196  16:40  High Templar x2  
  196  16:45  Nexus  
  200  16:48  Archon  
  200  16:49  Photon Cannon  
  200  16:50  Photon Cannon  
  200  16:52  Photon Cannon  
  200  16:54  Photon Cannon  
  195  16:55  Shield Battery  
  195  16:56  Shield Battery  
  195  16:57  Photon Cannon  
  195  17:02  Photon Cannon  
  195  17:05  Photon Cannon  
  195  17:07  Photon Cannon x2  
  182  17:09  Photon Cannon, Shield Battery  
  182  17:15  Zealot x9  
  192  17:16  Zealot x2  
  192  17:20  Pylon  
  188  17:38  High Templar x3  
  188  17:39  High Templar x4  
Show
View Real Time Build Order
Export as new Build Order

Rex Zerg 

Build Orders: Hatch First 

Get SALT Encoding   

  12  0:00  Drone  
  13  0:12  Overlord  
  13  0:16  Drone  
  14  0:31  Drone x2  
  16  0:50  Hatchery  
  16  0:52  Drone  
  16  0:55  Drone  
  17  0:59  Drone  
  18  1:09  Extractor  
  17  1:14  Spawning Pool  
  17  1:17  Drone  
  17  1:21  Drone  
  18  1:28  Drone  
  19  1:38  Drone  
  20  1:49  Overlord  
  20  2:01  Queen  
  20  2:03  Queen, Zergling x2  
  20  2:04  Zergling x2  
  26  2:10  Metabolic Boost  
  26  2:13  Drone  
  27  2:17  Drone  
  27  2:21  Drone  
  29  2:24  Drone  
  30  2:38  Hatchery  
  29  2:45  Queen  
  29  2:49  Drone x2  
  33  2:55  Overlord  
  33  2:58  Drone  
  34  3:05  Drone x2  
  36  3:14  Drone x2  
  36  3:15  Drone x2, Overlord  
  40  3:20  Zergling x6  
  41  3:38  Spore Crawler  
  39  3:43  Queen  
  39  3:45  Drone x3  
  44  3:48  Drone  
  44  3:49  Drone  
  44  3:54  Queen  
  49  3:55  Drone  
  49  3:58  Drone  
  49  3:59  Drone  
  49  4:02  Drone x2  
  53  4:15  Drone  
  53  4:16  Spore Crawler, Overlord  
  53  4:22  Drone  
  52  4:32  Drone x6  
  52  4:37  Overlord  
  58  4:42  Overlord  
  58  4:43  Drone x3, Roach Warren  
  59  4:46  Drone x3  
  59  4:50  Lair  
  62  4:53  Extractor  
  62  4:58  Zergling x6  
  62  4:59  Zergling x4  
  66  5:09  Drone, Overlord  
  66  5:10  Drone x4  
  66  5:11  Drone  
  66  5:12  Extractor  
  71  5:15  Zergling x8  
  75  5:33  Extractor  
  74  5:42  Drone x13  
  86  5:43  Queen  
  86  5:46  Overlord  
  86  5:47  Overlord  
  86  5:49  Overlord  
  86  5:50  Overlord  
  86  5:59  Hydralisk Den  
  86  6:01  Extractor x2  
  83  6:04  Queen  
  83  6:08  Queen  
  83  6:09  Spore Crawler  
  83  6:10  Drone x4  
  90  6:11  Spore Crawler  
  90  6:12  Spore Crawler  
  90  6:13  Overlord  
  88  6:18  Drone  
  88  6:19  Queen  
  88  6:25  Overlord  
  90  6:28  Grooved Spines  
  90  6:30  Hydralisk  
  90  6:31  Roach  
  93  6:40  Drone x3  
  93  6:46  Hydralisk x7  
  110  6:49  Hatchery  
  109  6:54  Nydus Network  
  109  6:55  Hydralisk x3  
  109  7:00  Hydralisk, Roach  
  118  7:02  Hydralisk  
  118  7:04  Overlord  
  118  7:07  Hydralisk  
  122  7:08  Overseer  
  122  7:10  Overseer  
  122  7:15  Overlord  
  122  7:16  Hydralisk x3  
  128  7:27  Hydralisk x3  
  128  7:29  Hydralisk  
  133  7:32  Nydus Canal  
  133  7:35  Hydralisk  
  135  7:40  Muscular Augments  
  135  7:43  Hydralisk  
  139  7:44  Zergling x10, Roach  
  139  7:45  Overlord  
  144  7:54  Hydralisk  
  146  8:02  Nydus Canal  
  146  8:05  Hydralisk x6  
  136  8:08  Roach  
  136  8:09  Zergling x8  
  136  8:11  Hydralisk  
  152  8:18  Ravager  
  153  8:20  Nydus Canal  
  153  8:22  Hydralisk  
  151  8:29  Hydralisk x2  
  143  8:42  Hydralisk x4  
  143  8:47  Hydralisk  
  143  8:48  Queen x2, Roach  
  144  9:00  Hydralisk  
  144  9:01  Roach  
  137  9:08  Hydralisk  
  137  9:09  Roach  
  127  9:13  Hydralisk  
  127  9:14  Roach  
  125  9:17  Hydralisk  
  125  9:18  Hydralisk x5, Zergling x2  
  125  9:19  Zergling x2  
  125  9:20  Hydralisk  
  141  9:25  Hydralisk  
  143  9:31  Hydralisk  
  143  9:32  Roach  
  143  9:37  Overseer  
  130  9:38  Hydralisk  
  130  9:39  Hydralisk x2  
  130  9:42  Hydralisk  
  130  9:45  Queen x3, Zergling x2  
  125  9:47  Hydralisk  
  125  9:48  Drone  
  125  9:50  Hydralisk  
  132  9:54  Hydralisk  
  132  9:59  Nydus Canal  
  132  10:05  Drone  
  132  10:06  Drone x3  
  130  10:11  Evolution Chamber  
  130  10:12  Hydralisk  
  130  10:13  Roach  
  133  10:14  Baneling Nest  
  133  10:19  Hydralisk, Roach  
  136  10:21  Overlord x2  
  136  10:22  Overlord  
  136  10:30  Hydralisk x7  
  136  10:31  Zergling x2  
  151  10:36  Spore Crawler x2  
  151  10:42  Hydralisk x4  
  149  10:46  Ravager  
  149  10:47  Overlord x3  
  158  10:50  Drone  
  158  10:51  Extractor  
  158  10:56  Nydus Canal  
  158  11:01  Zerg Missile Weapons Level 1  
  158  11:02  Overlord x2  
  158  11:03  Zergling x16  
  166  11:07  Drone  
  167  11:19  Infestation Pit  
  167  11:22  Zergling x18  
  175  11:27  Baneling  
  175  11:29  Baneling x8  
  175  11:30  Baneling x2  
  174  11:34  Hatchery  
  172  11:44  Glial Reconstitution  
  172  11:52  Zergling x28  
  186  11:56  Pathogen Glands  
  182  12:02  Hive  
  182  12:19  Evolution Chamber  
  180  12:40  Hatchery  
  179  12:46  Infestor x8  
  192  12:58  Ravager x3  
  184  13:08  Drone  
  184  13:09  Drone x2  
  184  13:10  Extractor, Zerg Missile Weapons Level 2  
  184  13:11  Zerg Melee Weapons Level 1  
  186  13:13  Drone x3  
  188  13:21  Zergling x22  
  199  13:28  Pneumatized Carapace, Overseer  
  199  13:31  Extractor  
  199  13:33  Extractor  
  196  13:40  Adrenal Glands  
  196  13:44  Ultralisk Cavern  
  194  13:59  Drone  
  180  14:31  Centrifical Hooks  
  180  14:32  Ultralisk  
  180  14:33  Ultralisk x2  
  198  14:40  Chitinous Plating  
  198  14:44  Drone  
  199  14:53  Spine Crawler x5, Spore Crawler  
  199  14:54  Spore Crawler x3  
  199  14:55  Spore Crawler x3  
  199  14:56  Neural Parasite, Spore Crawler  
  199  14:58  Drone x11  
  199  14:59  Drone x2  
  199  15:26  Zerg Ground Armor Level 1  
  199  15:28  Zerg Melee Weapons Level 2  
  199  15:35  Spire  
  199  15:37  Spire  
  199  15:39  Drone  
  199  15:40  Drone  
  199  15:47  Hatchery  
  198  15:54  Zergling x2  
  199  15:59  Anabolic Synthesis  
  197  16:12  Baneling x11  
  195  16:31  Hatchery  
  182  16:37  Zergling x8  
  182  16:38  Hydralisk x7  
  182  16:39  Overlord  
  174  16:40  Overlord x8  
  174  16:44  Overseer x2  
  168  16:54  Hydralisk x3  
  133  17:11  Hydralisk x11  
Tags
 
Add a new tag
Caveats
  • Supply blocks, unpowered buildings, or Contaminate may cause inaccurate times.
  • Supply counts are checked every 10 seconds.